 Dungeon Crawl Stone Soup version 0.18-a0-1160-geb89fc2 (webtiles) character file.

1614 Gorice the Slasher (level 8, 0/69 (70) HPs)
             Began as a Ghoul Wanderer on Jan 24, 2016.
             Was a Follower of Okawaru.
             Slain by a killer bee (5 damage)
             ... on level 7 of the Dungeon.
             The game lasted 00:31:34 (7647 turns).

Gorice the Slasher (Ghoul Wanderer)                 Turns: 7647, Time: 00:31:34

HP:   0/69 (70)     AC: 15    Str: 17    XL:     8   Next: 95%
MP:   16/16         EV:  5    Int:  9    God:    Okawaru [*.....]
Gold: 336           SH:  0    Dex:  7    Spells: 0 memorised, 7 levels left

rFire  + . .     SeeInvis .     G - +1 falchion of the Firefly {vamp, *Confuse +Inv MP+9} (curse)
rCold  + . .     Gourm    .     o - +0 plate armour
rNeg   + + +     Faith    .     (no shield)
rPois  ∞         Spirit   .     (no helmet)
rElec  .         Dismiss  .     (no cloak)
rCorr  .         Reflect  .     p - +1 pair of gloves
SustAt .         Harm     .     (no boots)
MR     .....                    (no amulet)
Stlth  ..........               q - ring of flight
                                l - ring of protection from fire

@: rotting, hasted, very quick, not resistant to hostile enchantments, extremely
unstealthy
A: rotting body, claws 1, carnivore 3, cold resistance 1, negative energy
resistance 3, slow regeneration 1, torment resistance, unbreathing
a: Heroism, Renounce Religion, Evoke Invisibility, Evoke Flight


You were on level 7 of the Dungeon.
You worshipped Okawaru.
Okawaru was aware of your devotion.
You were not hungry.

You visited 2 branches of the dungeon, and saw 9 of its levels.

You collected 336 gold pieces.

Inventory:

Hand Weapons
 a - a +0 long sword
 y - a +3 dagger
 G - the cursed +1 falchion of the Firefly (weapon) {vamp, *Confuse +Inv MP+9}
   (You found it on level 6 of the Dungeon)

   It inflicts no extra harm, but heals its wielder somewhat when it strikes a
   living foe.
   It affects your magic capacity (+9).
   It lets you turn invisible.
   It may confuse you when you take damage.
   It has a curse placed upon it.
Missiles
 c - a tomahawk (quivered)
 g - 8 needles of sleeping
 r - 32 poisoned needles
 s - 24 bolts
 D - 2 needles of paralysis
 Z - 137 stones
Armour
 i - a +0 large shield
 n - a +3 ring mail
 o - a +0 plate armour (worn)
 p - a +1 pair of gloves (worn)
Jewellery
 l - a ring of protection from fire (left hand)
 q - a ring of flight (right hand)
Wands
 e - a wand of disintegration (5/24)
Scrolls
 h - 2 scrolls of enchant weapon
 m - 6 scrolls of recharging
 v - a scroll of enchant armour
 x - 7 scrolls of remove curse
 H - a scroll of magic mapping {!r}
Potions
 k - a potion of flight {unknown}
 u - 2 potions of ambrosia {!q}
 z - 2 potions of curing {unknown}
 A - a potion of brilliance {unknown}
 B - a potion of agility {!q}
Comestibles
 d - a beef jerky
 f - 2 meat rations {!e}


   Skills:
 - Level 6.2 Fighting
 * Level 6.7 Long Blades
   Level 2.6 Crossbows
 + Level 6.0 Armour
 - Level 2.1 Stealth


You had 7 spell levels left.
You didn't know any spells.

Dungeon Overview and Level Annotations

Branches:
Dungeon (8/15)             Temple (1/1) D:6
   Lair: D:8-11

Altars:
Ashenzari
Cheibriados
Dithmenos
Elyvilon
Fedhas
Kikubaaqudgha
Makhleb
Nemelex Xobeh
Okawaru
Pakellas
Qazlal
Ru
Sif Muna
Vehumet
Yredelemnul
The Shining One

Shops:
D:6 (

Annotations:
D:4 UX: invincible ghost!, Edmund; YrmMerkstave's ghost, amateur DrTm
D:6 pUX: deep water area elec eel
D:7 Prince Ribbit


Innate Abilities, Weirdness & Mutations

Your body is rotting away.
You thrive on raw meat.
You are immune to poison.
You have sharp fingernails.
You are carnivorous and can eat meat at any time.
Your flesh is cold resistant.
You are immune to negative energy.
You regenerate slowly when monsters are visible.
You are immune to unholy pain and torment.
You can survive without breathing.


Message History

There is a stone staircase leading down here.
Damage: 8 (max 8)
The killer bee barely misses you. The gnoll hits you but does no damage.
The killer bee stings you but does no damage.
The killer bee stings you but does no damage. x2
The killer bee stings you but does no damage.
Prince Ribbit catches a spider with his tongue.
The killer bee stings you!
Prince Ribbit blinks!
Damage: 7 (max 8)
The killer bee stings you but does no damage.
Prince Ribbit blinks!
The killer bee stings you.
Damage: 2 (max 8)
The killer bee barely misses you.
You miss the killer bee.
The killer bee stings you but does no damage.
The gnoll hits you from afar with a spear of freezing.
The gnoll freezes you. The killer bee stings you.
* * * LOW HITPOINT WARNING * * *
Damage: 12 (max 12)
Your plate armour prevents you from hitting the killer bee.
The killer bee barely misses you.
The gnoll hits you from afar with a spear of freezing.
* * * LOW HITPOINT WARNING * * *
The gnoll freezes you.
* * * LOW HITPOINT WARNING * * *
The killer bee stings you but does no damage.
Damage: 6 (max 12) Evoke which item? (* to show all) (? for menu, Esc to quit)
Zapping:
e - a wand of disintegration (will waste charges)
Press: ? - help, Shift-Dir - straight line, f - killer bee
Aim: a killer bee (chance to defeat MR: 73%)
The killer bee struggles to resist.
Evoking this partially-identified wand wasted a few charges.
The killer bee barely misses you. The gnoll hits you but does no damage.
The killer bee stings you but does no damage.
You miss the killer bee. The killer bee barely misses you.
The gnoll hits you but does no damage. The killer bee barely misses you.
You miss the killer bee.
The killer bee stings you but does no damage.
The gnoll hits you from afar with a spear of freezing.
* * * LOW HITPOINT WARNING * * *
The gnoll freezes you.
* * * LOW HITPOINT WARNING * * *
The killer bee barely misses you.
Damage: 6 (max 12) Drink which item? (? for menu, Esc to quit)
Really quaff
b - a potion of haste {!q}?
You feel yourself speed up. The killer bee stings you.
You die...

#.... ##..# ....# #...#
....# ##..## #...# ####..##
#...# #### ####.....# #...#
#%%# #........# ## #...#
#.## #...###..######...
#...# #..# #@###
##.......... #...##
###)####y## #..........
.....####......g..#
#...######.
.....##...>.......#####g.##
#g.
.........####.......#....#
##.. ........##
###..........# ##...
........# ##.........#
##.... .....#...#
#.........###....#
.....##..#
##........##...).#


You could see a killer bee and a gnoll.

Vanquished Creatures
  Grinder (D:4)
  A spriggan (D:7)
  Eustachio (D:6)
  A wolf (D:4)
  Duvessa (D:6)
  A phantom (D:5)
  An ogre (D:7)
  2 giant frogs (D:6)
  Dowan (D:6)
  A centaur zombie (D:5)
  2 crimson imps
  A jelly (D:5)
  A giant frog skeleton (D:5)
  An iguana (D:5)
  A centaur skeleton (D:6)
  2 orc wizards
  3 worker ants
  A hound skeleton (D:6)
  4 adders
  3 gnolls
  A shadow imp (D:5)
  An ooze (D:1)
  An adder skeleton (D:5)
  3 worms
  8 giant geckos
  7 orcs
  7 bats
  4 giant cockroaches
  6 goblins
  14 hobgoblins
  9 jackals
  6 quokkas
  2 ball pythons
  A giant cockroach zombie (D:5)
  6 giant newts
  10 kobolds
  7 rats
123 creatures vanquished.

Notes
Turn   | Place    | Note
--------------------------------------------------------------
     0 | D:1      | Gorice the Ghoul Wanderer began the quest for the Orb.
     0 | D:1      | Gorice set off with: a +2 dagger, a potion of heal wounds {!q}, a +0 hand axe, a scroll of teleportation {!r}, a +0 robe, a meat ration {!e}
     0 | D:1      | Reached XP level 1. HP: 17/17 MP: 0/0
   294 | D:1      | Reached XP level 2. HP: 22/25 MP: 1/1
   299 | D:1      | Reached skill level 3 in Fighting
   611 | D:1      | Reached XP level 3. HP: 28/31 MP: 2/2
   962 | D:1      | Reached skill level 4 in Fighting
  1098 | D:2      | Reached skill level 3 in Armour
  1257 | D:2      | Reached XP level 4. HP: 35/40 MP: 3/3
  2112 | D:3      | Reached XP level 5. HP: 47/47 MP: 4/4
  2267 | D:3      | Reached skill level 5 in Fighting
  2447 | D:4      | Noticed YrmMerkstave's ghost (amateur DrTm)
  2579 | D:4      | Noticed Sigmund
  2798 | D:4      | Noticed Sigmund
  2798 | D:4      | Sigmund changed into Sigmund the wolf
  2816 | D:4      | HP: 8/48 [Sigmund the wolf (9)]
  2826 | D:4      | Killed Sigmund the wolf
  2826 | D:4      | Reached skill level 6 in Fighting
  2826 | D:4      | Reached XP level 6. HP: 20/57 MP: 5/5
  3031 | D:4      | Noticed Edmund
  3408 | D:4      | Noticed Grinder
  3410 | D:4      | Paralysed by Grinder for 6 turns
  3431 | D:4      | Paralysed by Grinder for 6 turns
  3452 | D:4      | Killed Grinder
  3452 | D:4      | Reached skill level 2 in Long Blades
  3452 | D:4      | Reached skill level 4 in Armour
  3452 | D:4      | Reached XP level 7. HP: 46/63 MP: 6/6
  3569 | D:4      | HP: 17/63 [YrmMerkstave's ghost (5)]
  3571 | D:4      | HP: 8/63 [YrmMerkstave's ghost (5)]
  3585 | D:3      | HP: 2/63 [something (4)]
  4130 | D:5      | Entered Level 5 of the Dungeon
  4192 | D:5      | Reached skill level 3 in Long Blades
  4615 | D:5      | Found an oddly glowing altar of Pakellas.
  5089 | D:5      | Reached skill level 4 in Long Blades
  5089 | D:5      | Reached skill level 5 in Armour
  5238 | D:6      | Reached XP level 8. HP: 68/68 MP: 7/7
  5261 | D:6      | Found an iron altar of Okawaru.
  5268 | D:6      | Got an encrusted falchion
  5269 | D:6      | Identified the cursed +1 falchion of the Firefly {vamp, *Confuse +Inv MP+9} (You found it on level 6 of the Dungeon)
  5270 | D:6      | Found Ashretiva's Weapon Boutique.
  5271 | D:6      | Became a worshipper of Warmaster Okawaru
  5294 | D:6      | Found a staircase to the Ecumenical Temple.
  5314 | Temple   | Entered the Ecumenical Temple
  5492 | D:6      | Noticed Eustachio
  5546 | D:6      | Noticed Duvessa
  5546 | D:6      | Noticed Dowan
  5580 | D:6      | Killed Duvessa
  5604 | D:6      | Killed Dowan
  5604 | D:6      | Reached skill level 5 in Long Blades
  5797 | D:6      | HP: 12/67 [electric eel/bolt of electricity (13)]
  5799 | D:6      | HP: 5/67 [electric eel/bolt of electricity (9)]
  5799 | D:6      | HP: 2/67 [electric eel/bolt of electricity (3)]
  6182 | D:6      | HP: 20/67 [crimson imp (2)]
  6187 | D:6      | HP: 18/67 [crimson imp (1)]
  6191 | D:6      | HP: 6/67 [electric eel/bolt of electricity (13)]
  6358 | D:6      | HP: 13/67 [electric eel/bolt of electricity (16)]
  6815 | D:6      | Killed Eustachio
  6815 | D:6      | Reached skill level 6 in Long Blades
  6919 | D:6      | Found a snail-covered altar of Cheibriados.
  6921 | D:6      | Found a shattered altar of Ashenzari.
  7105 | D:7      | HP: 21/70 [ogre/giant club (8)]
  7107 | D:7      | Reached * piety under Okawaru
  7139 | D:7      | Noticed a spriggan baker
  7154 | D:7      | HP: 18/70 [spriggan baker/dagger (4)]
  7161 | D:7      | HP: 10/70 [spriggan baker/dagger (9)]
  7166 | D:7      | HP: 8/70 [spriggan baker/dagger (3)]
  7174 | D:7      | HP: 3/70 [spriggan baker/dagger (9)]
  7179 | D:7      | HP: 2/70 [spriggan baker/dagger (2)]
  7180 | D:7      | Killed a spriggan baker
  7180 | D:7      | Reached skill level 6 in Armour
  7521 | D:7      | Noticed Prince Ribbit
  7642 | D:7      | HP: 16/69 [killer bee (5)]
  7646 | D:7      | HP: 6/69 [gnoll/spear of freezing (5)]
  7647 | D:7      | Slain by a killer bee

Vault maps used:
D:1:      dpeg_arrival_tiny_c
D:2:      wad_river_or_something
D:4:      first_bread, uniq_grinder, uniq_edmund, uniq_blork_the_orc,
          uniq_sigmund
D:5:      grunt_pakellas_mercury
D:6:      nicolae_overflow_hidden_temple, okawaru_ov_weapons_minmay,
          minmay_temple_entry_grid, serial_glass, glass_columns_a,
          glass_columns_a, glass_columns_b, glass_columns_a, glass_columns_a,
          serial_shops, shop, wad_floor_pattern_untrapped, nicolae_water_bricks,
          grunt_decor_mini_mirrors, uniq_eustachio, uniq_duvessa
D:7:      serial_shops, shop, the_bakery, nicolae_lava_and_water,
          uniq_prince_ribbit1, uniq_menkaure, uniq_pikel
D:8:      amethyst_overflow_temple_binary, erik_lair_orcish_takeover
Temple:   circular_temple_12

Action                   |  1- 3 |  4- 6 |  7- 9 || total
-------------------------+-------+-------+-------++-------
Melee: Dagger            |   159 |   254 |       ||   413
       Falchion          |       |    38 |   480 ||   518
       Long sword        |       |       |    72 ||    72
Throw: Tomahawk          |       |       |    12 ||    12
       Stone             |       |       |    10 ||    10
Invok: Heroism           |       |       |     2 ||     2
Evoke: Wand              |       |     3 |     3 ||     6
  Use: Scroll            |     5 |     4 |     7 ||    16
       Potion            |       |     2 |     4 ||     6
  Eat: Chunk             |    21 |    23 |    18 ||    62
       Meat ration       |       |       |     1 ||     1

Table legend:
 A = Turns spent in this place as a percentage of turns spent in the entire game.
 B = Non-inter-level travel turns spent in this place as a percentage of non-inter-level travel turns spent in the entire game.
 C = Inter-level travel turns spent in this place as a percentage of turns spent in this place.
 D = Turns resting spent in this place as a percentage of non-inter-level travel turns spent in this place.
 E = Turns spent auto-exploring this place as a percentage of non-inter-level travel turns spent in this place.
 F = Non-inter-level travel turns spent in this place divided by the number of levels of this place that you've seen.
                   A       B       C       D       E      F
               +-------+-------+-------+-------+-------+----------------------
         Total | 100.0 | 100.0 |   0.5 |   1.5 |   4.6 | 354.8
       Dungeon |  99.6 |  99.6 |   0.5 |   1.5 |   4.3 | 397.6
        Temple |   0.4 |   0.4 |   7.7 |   0.0 |  91.7 |  12.0
               +-------+-------+-------+-------+-------+----------------------

Vault maps used:
D:1:      dpeg_arrival_tiny_c
D:2:      wad_river_or_something
D:4:      first_bread, uniq_grinder, uniq_edmund, uniq_blork_the_orc,
          uniq_sigmund
D:5:      grunt_pakellas_mercury
D:6:      nicolae_overflow_hidden_temple, okawaru_ov_weapons_minmay,
          minmay_temple_entry_grid, serial_glass, glass_columns_a,
          glass_columns_a, glass_columns_b, glass_columns_a, glass_columns_a,
          serial_shops, shop, wad_floor_pattern_untrapped, nicolae_water_bricks,
          grunt_decor_mini_mirrors, uniq_eustachio, uniq_duvessa
D:7:      serial_shops, shop, the_bakery, nicolae_lava_and_water,
          uniq_prince_ribbit1, uniq_menkaure, uniq_pikel
D:8:      amethyst_overflow_temple_binary, erik_lair_orcish_takeover
Temple:   circular_temple_12
